 Dungeon Crawl Stone Soup version 0.28.0 (webtiles) character file.

Game seed: 14279997837859938420

217 croobank the Chopper (level 5, -1/27 HPs)
             Began as a Vine Stalker Gladiator on Feb 4, 2022.
             Was an Initiate of Ashenzari.
             Slain by a steam dragon (6 damage)
             ... on level 5 of the Dungeon.
             The game lasted 00:12:14 (2026 turns).

croobank the Chopper (Vine Stalker Gladiator)       Turns: 2026, Time: 00:12:15

Health: -1/27      AC:  4    Str: 19    XL:     5   Next: 94%
Magic:  0/6        EV: 12    Int:  8    God:    Ashenzari [......]
Gold:   124        SH:  0    Dex: 15    Spells: 4/4 levels left

rFire   . . .      SeeInvis .   a - +2 dagger (drain)
rCold   . . .      Faith    .   (no shield)
rNeg    . . .      Spirit   +   u - +0 leather armour
rPois   .          Reflect  .   c - +0 helmet
rElec   .          Harm     .   (no cloak)
rCorr   .          Rampage  .   (no gloves)
Will    .....                   (no boots)
Stlth   ++........              (no amulet)
HPRegen 0.89/turn               j - ring of flight
MPRegen 0.10/turn               (no ring)

@: mighty, flying
A: fangs 2, regeneration 1, magic shield, antimagic bite, no potion heal 2
a: Renounce Religion


You were on level 5 of the Dungeon.
You worshipped Ashenzari.
Ashenzari was noncommittal.
You visited 1 branch of the dungeon, and saw 5 of its levels.

You collected 124 gold pieces.

Inventory:

Hand Weapons
 a - a +2 dagger of draining (weapon)
 l - a +0 war axe
 o - a +2 vampiric dagger
Missiles
 d - 3 throwing nets (quivered)
 h - 34 stones
 i - 39 sling bullets
 q - 26 arrows
Armour
 c - a +0 helmet (worn)
 s - a +0 ring mail
 u - a +0 leather armour (worn)
 v - a +0 plate armour
 w - a +0 scale mail
Jewellery
 j - a ring of flight (left hand)
Scrolls
 f - 2 scrolls of identify
 p - a scroll of fear {unknown}
 r - a scroll of immolation {unknown}
 t - 3 scrolls of noise {unknown}
 x - a scroll of vulnerability {unknown}
Potions
 b - a potion of haste {unknown}
 e - 3 potions of curing
 g - 4 potions of magic
 k - a potion of flight
 n - 3 potions of heal wounds {unknown}


   Skills:
 + Level 2.3 Fighting
 + Level 0.9 Short Blades
 + Level 3.6 Axes
 + Level 1.6(2.1) Slings
 + Level 1.8(2.2) Throwing
 + Level 1.9 Armour
 + Level 3.0 Dodging
 + Level 1.8 Stealth


You had 4 spell levels left.
You didn't know any spells.
Your spell library contained the following spells:

 Spells                   Type           Power      Damage    Failure   Level
 Slow                     Hex            0%         N/A       45%         1
 Confusing Touch          Hex            0%         N/A       83%         3
 Frozen Ramparts          Ice            0%         1d2       83%         3
 Vampiric Draining        Necr           0%         2d6       83%         3
 Ice Form                 Ice/Tmut       0%         N/A       99%         4
 Summon Ice Beast         Ice/Summ       0%         N/A       99%         4


Dungeon Overview and Level Annotations

Branches:
Dungeon (5/15)
 Temple: D:4-7

Altars:
Ashenzari

Shops:
D:1 [


Innate Abilities, Weirdness & Mutations

You have extremely sharp teeth.
Your natural rate of healing is unusually fast.
When hurt, damage is shared between your health and your magic reserves.
Your bite disrupts and absorbs the magic of your enemies.
Potions cannot restore your health.


Message History

The quokka bites you but does no damage.
You barely miss the quokka. The quokka misses you.
You hit the quokka. You drain the quokka.
You kill the quokka!
You barely miss the orc wizard. Your bite misses the orc wizard.
The orc wizard hits you with a +0 dagger.
You hit the orc wizard.
You bite the orc wizard, but do no damage.
The orc wizard is lightly wounded.
The orc wizard hits you but does no damage.
You barely miss the orc wizard.
The orc wizard is lightly wounded.
The orc wizard hits you with a +0 dagger.
You hit the orc wizard. You drain the orc wizard.
The orc wizard is heavily wounded.
The orc wizard hits you with a +0 dagger.
You hit the orc wizard but do no damage.
The orc wizard is heavily wounded.
You hit the orc wizard. You drain the orc wizard.
The orc wizard is severely wounded.
The orc wizard hits you with a +0 dagger.
You hit the orc wizard.
You kill the orc wizard!
Your Dodging skill increases to level 3!
You closely miss the steam dragon. You bite the steam dragon.
You drain its power.
You feel invigorated.
The steam dragon is lightly wounded.
You hear the rusting of a drain very nearby.
The steam dragon breathes steam at you. The ball of steam hits you!
You closely miss the steam dragon.
The steam dragon is lightly wounded.
You are engulfed in a cloud of scalding steam.
The steam dragon barely misses you. The steam dragon claws you.
Unknown command.
You feel very mighty all of a sudden.
You are engulfed in a cloud of scalding steam.
* * * LOW HITPOINT WARNING * * *
The steam dragon bites you.
You die...

∩ #......... #........
#....... #.$.... ...#
..... ...# ? .o. ....# .
#+## #+# #D# ....#
.##...##+##.####@####...##
...............§§§.#.....#
................§..#.....#
...................+.D..#
...................#....#
. #......##...#..#.##...#
. #......########### ####
#.......# +...<...#


You could see a steam dragon (catching breath) and an orc.

Vanquished Creatures
  A bullfrog skeleton (D:4)
  3 orc wizards
  5 adders
  A howler monkey skeleton (D:4)
  A worm (D:3)
  5 orcs
  7 ball pythons
  4 endoplasms
  2 giant cockroaches (D:1)
  7 goblins
  A hobgoblin (D:1)
  2 jackals (D:3)
  A quokka (D:5)
  4 bats
  3 frilled lizards
  2 kobolds
  13 rats
  A spectral kobold (D:1)
63 creatures vanquished.

Notes
Turn   | Place    | Note
-------+----------+-------------------------------------------
     0 | D:1      | croobank the Vine Stalker Gladiator began the quest for the
                  | Orb.
     0 | D:1      | Reached XP level 1. HP: 11/11 MP: 2/2
   141 | D:1      | Reached XP level 2. HP: 15/15 MP: 3/3
   144 | D:1      | Found a faded altar of an unknown god.
   338 | D:1      | Found Sanwipsa's Antique Armour Shop.
   559 | D:1      | Reached XP level 3. HP: 10/17 MP: 2/4
   787 | D:2      | Reached skill level 1 in Stealth
   954 | D:2      | Found a broken altar of Ashenzari.
  1009 | D:2      | Gained mutation: Your natural rate of healing is unusually
                  | fast. [Vine Stalker growth]
  1009 | D:2      | Reached XP level 4. HP: 11/23 MP: 3/5
  1032 | D:2      | Became a worshipper of Ashenzari the Shackled
  1400 | D:3      | Reached skill level 1 in Armour
  1856 | D:3      | You are sucked into a shaft and drop 2 floors!
  1856 | D:5      | Entered Level 5 of the Dungeon
  1856 | D:5      | Noticed an ogre
  1856 | D:5      | Noticed a necrophage
  1879 | D:4      | Reached XP level 5. HP: 26/26 MP: 6/6
  1919 | D:4      | Reached skill level 1 in Slings
  1995 | D:5      | Noticed a steam dragon
  2026 | D:5      | Slain by a steam dragon

Illustrated notes

Levels and vault maps discovered:
D:1:      tarquinn_simple_flora_water_b, layout_basic,
          dreamdust_ecumenical_altar_drowned_temple, serial_shops,
          nicolae_shop_overgrown_old_shop
D:2:      layout_rooms, basic_altar
D:3:      layout_basic, minmay_cut_off
D:4:      layout_basic, minmay_temple_entry_glass, minmay_splitting_lines,
          nicolae_inconvenience_store, uniq_ijyb
D:5:      layout_gridville, portal_sewer_entry_f, dk_vineyard_1,
          nicolae_elemental_shop

Skill      XL: |  1  2  3  4  5 |
---------------+----------------+-----
Axes           | 3 |  3.6
Fighting       | 2 |  2.3
Stealth        | 1 |  1.8
Armour         | 1 |  1.9
Slings         | 1 |  1.6
Dodging        | 3 |  3.0
Short Blades   | |  0.9
Throwing       | |  1.8

Action                   |  1- 3 |  4- 6 || total
-------------------------+-------+-------++-------
Melee: War axe           |    69 |       ||    69
       Bite              |    15 |    21 ||    36
       Dagger            |    11 |    72 ||    83
 Fire: Hunting sling     |       |    32 ||    32
Invok: Curse Item        |       |     1 ||     1
       Shatter the Chain |       |     1 ||     1
  Use: Scroll            |     4 |       ||     4
       Potion            |       |     1 ||     1
 Stab: Sleeping          |     2 |     1 ||     3
Armor: Leather armour    |    28 |    16 ||    44
Dodge: Dodged            |    56 |    43 ||    99
